 Dungeon Crawl Stone Soup version 0.28.0-45-g0d030f2227 (webtiles) character file.

Game seed: 10872548110670458799

28 NinjaNoafa the Poker (level 3, 0/28 HPs)
             Began as a Merfolk Gladiator on Apr 6, 2022.
             Slain by an adder (4 damage)
             ... on level 2 of the Dungeon.
             The game lasted 00:02:57 (1553 turns).

NinjaNoafa the Poker (Merfolk Gladiator)            Turns: 1553, Time: 00:02:57

Health: 0/28       AC:  4    Str: 16    XL:     3   Next: 12%
Magic:  3/3        EV: 13    Int:  7    God:
Gold:   24         SH:  0    Dex: 15    Spells: 2/2 levels left

rFire   . . .      SeeInvis .   a - +0 trident
rCold   . . .      Faith    .   (no shield)
rNeg    . . .      Spirit   .   b - +0 leather armour
rPois   .          Reflect  .   c - +0 helmet
rElec   .          Harm     .   (no cloak)
rCorr   .          Rampage  .   (no gloves)
Will    .....                   (no boots)
Stlth   ++........              (no amulet)
HPRegen 0.09/turn               (no ring)
MPRegen 0.08/turn               (no ring)

@: no status effects
A: (nimble swimmer 2), mertail
a: no special abilities


You were on level 2 of the Dungeon.
You visited 1 branch of the dungeon, and saw 2 of its levels.

You collected 24 gold pieces.

Inventory:

Hand Weapons
 a - a +0 trident (weapon)
Missiles
 d - 2 throwing nets (quivered)
 k - 18 stones
Armour
 b - a +0 leather armour (worn)
 c - a +0 helmet (worn)
Scrolls
 i - a scroll of noise {unknown}
Potions
 e - a potion of heal wounds {unknown}
 g - a potion of resistance {unknown}
 h - a potion of attraction {unknown}
 j - a potion of might {unknown}


   Skills:
 + Level 2.5 Fighting
 * Level 4.9 Polearms
 + Level 2.2 Throwing
 * Level 4.4 Dodging
 * Level 1.1 Stealth


You had 2 spell levels left.
You didn't know any spells.
Your spell library was empty.

Dungeon Overview and Level Annotations

Branches:
Dungeon (2/15)

Altars:


Innate Abilities, Weirdness & Mutations

((You are very nimble when in or above water. (Stealth+, EV+, Speed+++)))
Your lower body shifts to a powerful aquatic tail in water.


Message History

The throwing net barely misses the kobold.
The ball python barely misses you. The ball python closely misses you.
The kobold hits you with a +0 short sword.
* * * LOW HITPOINT WARNING * * *
The rat twitches its whiskers.
The rat bites you but does no damage.
There is a stone staircase leading up here.
As you read the scroll labelled PANOZAKHLAICE, it crumbles to dust.
You feel strangely unstable.
It was a scroll of teleportation.
The ball python closely misses you. The ball python misses you.
The kobold hits you with a +0 short sword.
* * * LOW HITPOINT WARNING * * *
The rat bites you.
* * * LOW HITPOINT WARNING * * *
You hit the kobold.
The kobold is moderately wounded.
The ball python closely misses you. The ball python barely misses you.
The kobold closely misses you.
The rat twitches its whiskers.
The rat misses you.
You closely miss the kobold.
The kobold is moderately wounded.
Your surroundings suddenly seem different.
A giant cockroach and an adder come into view.
The adder hisses angrily.
An orc comes into view. It is wielding a +0 whip.
An orc comes into view. It is wielding a +0 whip.
An orc comes into view. It is wielding a +0 flail.
An orc comes into view. It is wielding a +0 club.
The orc shouts!
You hear a shout!
Found a stone staircase leading down.
The orc hits you but does no damage.
Found a flail.
Found a stone staircase leading down.
There is a stone staircase leading down here.
An adder comes into view.
The adder closely misses you.
Found a dagger.
The adder bites you but does no damage. The adder barely misses you.
The adder bites you.
You die...

#######
......#########
........#....)##
...............##
................#
................#
................#
#.........B...o.#####
#........oo...SS@...#
##.............####..#
##.....#.....## .#
###..######## ###.##
##...# ##..###..
.......... .######...


You could see 2 adders, 3 orcs and a giant cockroach.

Vanquished Creatures
  4 endoplasms
  A giant cockroach (D:1)
  3 goblins (D:1)
  A hobgoblin (D:1)
  7 jackals (D:1)
  3 quokkas (D:1)
  A ball python (D:1)
  A kobold (D:1)
21 creatures vanquished.

Notes
Turn   | Place    | Note
-------+----------+-------------------------------------------
     0 | D:1      | NinjaNoafa the Merfolk Gladiator began the quest for the
                  | Orb.
     0 | D:1      | Reached XP level 1. HP: 16/16 MP: 1/1
   643 | D:1      | Reached XP level 2. HP: 8/23 MP: 2/2
  1071 | D:1      | Reached skill level 1 in Stealth
  1156 | D:1      | Found a faded altar of an unknown god.
  1270 | D:1      | Reached XP level 3. HP: 28/28 MP: 3/3
  1514 | D:2      | HP: 1/28 [rat (1)]
  1553 | D:2      | Slain by an adder

Illustrated notes

Levels and vault maps discovered:
D:1:      minmay_arrival_radiant_lines, layout_loops_ring,
          shapermc_ecumenical_altar_mp_vishouse
D:2:      layout_rooms, minmay_tripent, uniq_crazy_yiuf_cottage, uniq_terence

Skill      XL: |  1  2 |
---------------+-------+-----
Stealth        | 1 |  1.1
Fighting       | |  2.5
Polearms       | |  4.9
Throwing       | |  2.2
Dodging        | |  4.4

Action                   || total
-------------------------++-------
Melee: Trident           ||    67
Throw: Throwing net      ||     1
  Use: Scroll            ||     1
 Stab: Sleeping          ||     1
Armor: Leather armour    ||    15
Dodge: Dodged            ||    68
